 Dungeon Crawl Stone Soup version 0.20.0-8-g6b59dc7 (webtiles) character file.

18 inmateoo the Skirmisher (level 2, 0/31 HPs)
             Began as an Ogre Skald on May 31, 2017.
             Slain by a kobold
             ... wielding a +1 short sword of electrocution
              (16 damage)
             ... on level 1 of the Dungeon.
             The game lasted 00:01:39 (696 turns).

inmateoo the Skirmisher (Ogre Skald)                 Turns: 696, Time: 00:01:41

Health: 0/31       AC:  3    Str: 14    XL:     2   Next: 66%
Magic:  5/5        EV: 10    Int: 14    God:
Gold:   0          SH:  0    Dex:  8    Spells: 2/5 levels left

rFire    . . .     SeeInvis .   j - +0 spear
rCold    . . .     Gourm    .   (no shield)
rNeg     . . .     Faith    .   a - +0 robe
rPois    .         Spirit   .   (helmet restricted)
rElec    .         Reflect  .   (no cloak)
rCorr    .         Harm     .   (gloves unavailable)
MR       .....                  (boots unavailable)
Stlth    ..........             (no amulet)
Regen    0.1/turn               f - ring of loudness (curse)
MPRegen  0.1/turn               (no ring)

@: no status effects
A: unfitting armour, tough skin 1
a: no special abilities


You were on level 1 of the Dungeon.
You were not hungry.

You visited 1 branch of the dungeon, and saw 2 of its levels.

Inventory:

Hand Weapons
 j - a +0 spear (weapon)
Armour
 a - a +0 robe (worn)
Jewellery
 f - a cursed ring of loudness (left hand)
Potions
 d - a potion of heal wounds
 e - a potion of might {unknown}
 g - a potion of flight {unknown}
 h - a potion of invisibility {unknown}
 i - a potion of mutation {unknown}
Books
 b - a book of Battle

   Spells                             Type                      Level
   a - Infusion                       Charms                       1
   b - Shroud of Golubria             Charms/Translocation         2
   c - Song of Slaying                Charms                       2
   d - Spectral Weapon                Hexes/Charms                 3
   e - Regeneration                   Charms/Necromancy            3
Comestibles
 c - a bread ration


   Skills:
 + Level 3.1 Fighting
 - Level 2.1 Dodging
 * Level 2.6 Unarmed Combat
 - Level 2.4 Spellcasting
 - Level 2.6 Charms


You had 2 spell levels left.
You knew the following spells:

 Your Spells              Type           Power        Failure   Level  Hunger
a - Infusion              Chrm           #...         8%          1    #......
b - Shroud of Golubria    Chrm/Tloc      #.........   21%         2    ###....


Dungeon Overview and Level Annotations

Branches:
Dungeon (2/15)

Altars:


Innate Abilities, Weirdness & Mutations

You are too large for most types of armour.
You have tough skin. (AC +1)


Message History

A kobold is nearby!
A kobold is nearby!
Attack whom?
Press: ? - help, Dir - move target cursor, f - kobold
Aim: a kobold, wielding a short sword of electrocution (hasn't noticed you)
You reach to attack!
You barely miss the kobold. You hit the kobold but do no damage.
The kobold barely misses you.
You hit the kobold.
The kobold is severely wounded.
The kobold hits you but does no damage.
You hit the kobold but do no damage.
The kobold is severely wounded.
The kobold hits you with a short sword of electrocution.
You hit the kobold but do no damage.
The kobold is severely wounded.
The kobold hits you but does no damage.
The kobold hits you with a short sword of electrocution.
You are electrocuted!
Ouch! That really hurt!
You die...

#.....# #.#
#####..#.####.#
#...........#.#
#......#......#
#......#....###
######......#..
##.....##.
###############
#.....##.
.......)...@K.#
#.....##.
......#######.#
#..[..##. >.... #.#
##...#... .... #.####
#...#.## ... #....#
#.....# .. #.##.#
#.....# .
######.##.####.....##
................#.....
##########.######...#.


You could see a kobold.

Vanquished Creatures
  An ooze (D:1)
  3 bats (D:1)
  2 goblins
  A hobgoblin (D:1)
  2 jackals (D:1)
  A kobold (D:1)
  2 frilled lizards (D:1)
12 creatures vanquished.

Notes
Turn   | Place    | Note
-------+----------+-------------------------------------------
     0 | D:1      | inmateoo the Ogre Skald began the quest for the Orb.
     0 | D:1      | Reached XP level 1. HP: 22/22 MP: 3/3
   213 | D:2      | Reached XP level 2. HP: 27/29 MP: 5/5
   238 | D:1      | Learned a level 2 spell: Shroud of Golubria
   353 | D:1      | Reached skill level 3 in Fighting
   696 | D:1      | Slain by a kobold

Skill      XL: |  1  2 |
---------------+-------+-----
Unarmed Combat | 2 |  2.6
Fighting       | 3 |  3.1
Dodging        | |  2.1
Spellcasting   | |  2.4
Charms         | |  2.6

Action                   || total
-------------------------++-------
Melee: Unarmed           ||    64
       Spear             ||    12
 Cast: Infusion          ||     2
  Use: Scroll            ||     2
Armor: Robe              ||    24
Dodge: Dodged            ||    36
